 Dungeon Crawl Stone Soup version 0.27-a0-1579-g97d2440184 (webtiles) character file.

Game seed: 16652947219118494578

605 Sin92 the Chopper (level 7, -1/54 HPs)
             Began as a Demonspawn Fighter on July 17, 2021.
             Slain by an ogre (12 damage)
             ... on level 5 of the Dungeon.
             The game lasted 00:09:06 (4369 turns).

Sin92 the Chopper (Demonspawn Fighter)              Turns: 4369, Time: 00:09:06

Health: -1/54      AC: 14    Str: 18    XL:     7   Next: 19%
Magic:  0/7        EV:  8    Int:  9    God:
Gold:   151        SH: 10    Dex: 19    Spells: 6/6 levels left

rFire    . . .     SeeInvis .   a - +0 war axe
rCold    . . .     Faith    .   c - +0 kite shield
rNeg     . . .     Spirit   +   o - +0 plate armour
rPois    .         Reflect  .   p - +0 helmet
rElec    .         Harm     .   (no cloak)
rCorr    .         Rampage  .   f - +0 pair of gloves
Will     .....                  (no boots)
Stlth    ..........             m - amulet of guardian spirit
HPRegen  0.18/turn              g - +4 ring of evasion
MPRegen  0.10/turn              s - +6 ring of dexterity

@: no status effects
A: claws 2, hooves 1, demonic magic 1
a: no special abilities


You were on level 5 of the Dungeon.
You visited 2 branches of the dungeon, and saw 6 of its levels.

You collected 151 gold pieces.

Inventory:

Hand Weapons
 a - a +0 war axe (weapon)
Missiles
 q - 4 atropa-tipped darts (quivered)
Armour
 b - a +0 scale mail
 c - a +0 kite shield (worn)
 f - a +0 pair of gloves (worn)
 o - a +0 plate armour (worn)
 p - a +0 helmet (worn)
Jewellery
 g - a +4 ring of evasion (left hand)
 l - a ring of see invisible
 m - an amulet of guardian spirit (around neck)
 s - a +6 ring of dexterity (right hand)
Scrolls
 j - 2 scrolls of identify
Potions
 d - 2 potions of might
 e - 3 potions of resistance {unknown}
 h - a potion of curing {unknown}
 i - a potion of berserk rage {unknown}
 k - a potion of brilliance {unknown}
 r - a potion of lignification {unknown}
 t - a potion of cancellation {unknown}
 u - a potion of ambrosia {unknown}
 v - a potion of attraction {unknown}


   Skills:
 + Level 4.2 Fighting
 * Level 4.5 Axes
 + Level 3.8 Armour
 + Level 2.6 Dodging
 + Level 3.8 Shields


You had 6 spell levels left.
You didn't know any spells.
Your spell library contained the following spells:

 Spells                   Type           Power      Damage    Failure   Level
 Static Discharge         Conj/Air       0%         N/A       100%        2
 Frozen Ramparts          Ice            0%         1d2       100%        3
 Dispel Undead            Necr           0%         3d6       100%        4
 Ice Form                 Ice/Tmut       0%         N/A       100%        4
 Sticky Flame             Conj/Fire      0%         2d3       100%        4
 Summon Ice Beast         Ice/Summ       0%         N/A       100%        4


Dungeon Overview and Level Annotations

Branches:
Dungeon (5/15)             Temple (1/1) D:5

Altars:
Ashenzari
Dithmenos
Elyvilon
Fedhas
Gozag
Nemelex Xobeh
Sif Muna
Uskayaw
Wu Jian
Xom
Yredelemnul
Zin

Shops:
D:1 *


Innate Abilities, Weirdness & Mutations

You have very sharp fingernails.
You have large cloven feet.
Spells you cast may paralyse adjacent enemies.


Message History

You block the jelly's attack.
You hit the jelly.
Your hands burn!
You kick the jelly.
The jelly is almost dead.
Your plate armour prevents you from hitting the adder.
You block the adder's attack. You block the jelly's attack.
The adder closely misses you. The jelly hits you but does no damage.
You hit the jelly.
Your hands burn!
Your kick misses the jelly.
The jelly is almost dead.
You barely miss the adder. You block the adder's attack.
The jelly barely misses you. The adder barely misses you.
You slash the jelly!
You kill the jelly!
You miss the adder. The adder bites you but does no damage.
The adder bites you. You block the adder's attack.
The adder bites you but does no damage.
You slash the adder! You kick the adder.
You kill the adder!
An ogre comes into view. It is wielding a +0 giant club.
The ogre shouts!
The ogre moves out of view.
The ogre hits you with a +0 giant club!
Your shield and plate armour prevent you from hitting the ogre.
You kick the ogre.
The ogre is lightly wounded.
You hear the rusting of a drain nearby.
You block the ogre's attack.
You hit the ogre.
The ogre is lightly wounded.
The ogre barely misses you. The ogre hits you with a +0 giant club.
You hit the ogre. You kick the ogre.
The ogre is moderately wounded.
The ogre hits you with a +0 giant club!!
* * * LOW HITPOINT WARNING * * *
You slash the ogre! You kick the ogre, but do no damage.
The ogre is severely wounded.
The ogre barely misses you.
Your shield prevents you from hitting the ogre.
The ogre is severely wounded.
The ogre hits you with a +0 giant club!
You die...

###########
###..........
#............
#............
#....@O......
#............
#....############
####....####.......#
+...........>#####.#
##..#....###.#...#.#
#..#<...# #.#.....#
#. ###### #####.###
. #.#####


You could see an ogre.

Vanquished Creatures
  An ogre (D:4)
  2 bullfrogs (D:4)
  A hound (D:4)
  2 jellies
  2 centaur skeletons (D:4)
  An orc priest (D:4)
  An iguana (D:5)
  An orc wizard (D:4)
  A gnoll (D:1)
  2 howler monkey skeletons (D:5)
  3 adders
  An ufetubus (D:5)
  2 worms (D:2)
  2 dart slugs
  9 orcs
  10 ball pythons
  6 endoplasms
  5 giant cockroaches
  4 goblins
  6 hobgoblins
  16 jackals
  5 kobolds
  3 quokkas
  5 bats
  A frilled lizard (D:2)
  10 rats
102 creatures vanquished.

Notes
Turn   | Place    | Note
-------+----------+-------------------------------------------
     0 | D:1      | Sin92 the Demonspawn Fighter began the quest for the Orb.
     0 | D:1      | Reached XP level 1. HP: 18/18 MP: 1/1
   284 | D:1      | Gained mutation: You have sharp fingernails. [demonic
                  | ancestry]
   284 | D:1      | Reached XP level 2. HP: 22/24 MP: 2/2
   353 | D:1      | Found Agabb's Assorted Antiques.
   824 | D:1      | Gained mutation: You have large cloven feet. [demonic
                  | ancestry]
   824 | D:1      | Reached XP level 3. HP: 27/29 MP: 3/3
   871 | D:1      | Found a faded altar of an unknown god.
  1556 | D:2      | Reached skill level 1 in Dodging
  2093 | D:3      | Reached XP level 4. HP: 35/35 MP: 4/4
  2745 | D:3      | You fall into a shaft and drop 1 floor!
  2851 | D:4      | Reached XP level 5. HP: 26/41 MP: 5/5
  3058 | D:4      | Found an opulent altar of Gozag.
  3207 | D:4      | Gained mutation: You have very sharp fingernails. [demonic
                  | ancestry]
  3207 | D:4      | Reached XP level 6. HP: 43/48 MP: 6/6
  3868 | D:4      | Gained mutation: Spells you cast may paralyse adjacent
                  | enemies. [demonic ancestry]
  3868 | D:4      | Reached XP level 7. HP: 31/54 MP: 7/7
  4051 | D:4      | Found a shadowy altar of Dithmenos.
  4098 | D:5      | Entered Level 5 of the Dungeon
  4098 | D:5      | Found a staircase to the Ecumenical Temple.
  4119 | Temple   | Entered the Ecumenical Temple
  4369 | D:5      | Slain by an ogre

Illustrated notes

Levels and vault maps discovered:
D:1:      lemuel_arrival_tunnels, layout_loops_ring, serial_shops, shop,
          dreamdust_ecumenical_altar_angels_and_demons
D:2:      layout_loops_corners
D:3:      layout_basic
D:4:      layout_rooms, mainiacjoe_overflow_swirl, minmay_surrounded
D:5:      layout_basic, general_overflow_altar, minmay_temple_entry_crystal_x,
          portal_sewer_entry_f
Temple:   zaba_magenta_temple

Skill      XL: |  1  2  3  4  5  6 |
---------------+-------------------+-----
Axes           | 2 3 4 |  4.5
Armour         | 3 |  3.8
Dodging        | 1 2 |  2.6
Shields        | 3 |  3.8
Fighting       | 4 |  4.2

Action                   |  1- 3 |  4- 6 |  7- 9 || total
-------------------------+-------+-------+-------++-------
Melee: War axe           |   126 |   149 |    31 ||   306
       Kick              |    22 |    37 |    12 ||    71
  Use: Scroll            |     1 |     1 |     2 ||     4
Armor: Scale mail        |    70 |    10 |       ||    80
       Plate armour      |       |    69 |    16 ||    85
Dodge: Dodged            |    72 |    68 |    23 ||   163
Block: Kite shield       |    71 |    88 |    27 ||   186

Table legend: (Time is in decaauts)
 A = Elapsed time spent in this place.
 B = Non-inter-level travel time spent in this place.
 C = Inter-level travel time spent in this place.
 D = Time resting spent in this place.
 E = Time spent auto-exploring this place.
 F = Levels seen in this place.
 G = Mean time per level.
                   A        B        C        D        E       F      G
               +--------+--------+--------+--------+--------+-----+--------+
         Total |   4545 |   4432 |    113 |    400 |   3009 |   6 |  757.5 |
       Dungeon |   4443 |   4349 |     94 |    400 |   2967 |   5 |  888.6 |
        Temple |    102 |     83 |     19 |      0 |     42 |   1 |  102.0 |
               +--------+--------+--------+--------+--------+-----+--------+

Top non-repeatable levels by time:
     D:1: 1251 daAuts
     D:4: 1219 daAuts
     D:2: 909 daAuts
     D:3: 880 daAuts
     D:5: 181 daAuts
  Temple: 102 daAuts
